 Dungeon Crawl Stone Soup version 0.28-a0-1616-g050a50673c (webtiles) character file.

Game seed: 8174821155694779664

1886 Gargoyl the Skirmisher (level 9, -2/73 HPs)
             Began as a Gnoll Abyssal Knight on Jan 22, 2022.
             Was a Priest of Lugonu.
             Slain by a wyvern (9 damage)
             ... on level 5 of the Dungeon.
             The game lasted 00:10:30 (8123 turns).

Gargoyl the Skirmisher (Gnoll Abyssal Knight)       Turns: 8123, Time: 00:10:31

Health: -2/73      AC: 16    Str: 15 (16) XL:     9   Next: 14%
Magic:  14/14      EV:  7    Int:  9 (10) God:    Lugonu [***...]
Gold:   262        SH:  0    Dex: 23 (25) Spells: 15/15 levels left

rFire   + . .      SeeInvis .   a - +1 hand axe
rCold   . . .      Faith    .   (no shield)
rNeg    . . .      Spirit   .   n - +0 plate armour
rPois   .          Reflect  .   l - +0 helmet of the Endless Expanse {Rampage}
rElec   .          Harm     .   (no cloak)
rCorr   .          Rampage  +   (no gloves)
Will    .....      Clarity  +   e - +1 pair of boots
Stlth   ..........              (no amulet)
HPRegen 0.22/turn               c - +6 ring of dexterity
MPRegen 0.14/turn               j - +6 ring of dexterity

@: no status effects
A: fangs 1, strong nose, distributed training, clarity, fire resistance 1,
MP-powered wands
a: Renounce Religion, Depart the Abyss, Bend Space, Banish


You were on level 5 of the Dungeon.
You worshipped Lugonu.
Lugonu was most pleased with you.
You visited 1 branch of the dungeon, and saw 6 of its levels.
You visited the Abyss 1 time.

You collected 292 gold pieces.
You spent 30 gold pieces at shops.

Inventory:

Hand Weapons
 a - a +1 hand axe (weapon)
 k - a +0 war axe
Missiles
 d - a throwing net
Armour
 e - a +1 pair of boots (worn)
 g - a +2 hat of willpower
 l - the +0 helmet of the Endless Expanse (worn) {Rampage}
   (You took it off Robin on level 2 of the Dungeon)

   Rampage:   It bestows one free step when moving towards enemies.
 n - a +0 plate armour (worn)
Jewellery
 c - a +6 ring of dexterity (left hand)
 f - a ring of protection from fire
 i - a ring of positive energy
 j - a +6 ring of dexterity (right hand)
Wands
 h - a wand of flame (7)
 p - a wand of mindburst (17)
Scrolls
 b - 2 scrolls of vulnerability
 o - a scroll of identify


   Skills:
 + Level 7.7 Fighting
 + Level 3.9 Short Blades
 + Level 3.9 Long Blades
 + Level 6.1 Axes
 + Level 3.9 Maces & Flails
 + Level 3.9 Polearms
 + Level 3.9 Staves
 + Level 3.9 Slings
 + Level 3.9 Bows
 + Level 3.9 Crossbows
 + Level 3.9 Throwing
 + Level 6.1 Armour
 + Level 4.8 Dodging
 + Level 3.9 Stealth
 + Level 3.9 Shields
 + Level 3.9 Unarmed Combat
 + Level 3.9 Spellcasting
 + Level 3.2 Conjurations
 + Level 3.2 Hexes
 + Level 3.2 Summonings
 + Level 3.2 Necromancy
 + Level 3.2 Translocations
 + Level 3.2 Transmutations
 + Level 3.2 Fire Magic
 + Level 3.2 Ice Magic
 + Level 3.2 Air Magic
 + Level 3.2 Earth Magic
 + Level 3.2 Poison Magic
 + Level 6.4 Invocations
 + Level 3.9 Evocations


You had 15 spell levels left.
You didn't know any spells.
Your spell library contained the following spells:

 Spells                   Type           Power      Damage    Failure   Level
 Conjure Flame            Conj/Fire      7%         6-21      100%        3
 Ignite Poison            Fire/Tmut/Pois 7%         N/A       100%        3
 Sticky Flame             Conj/Fire      7%         2d3       100%        4


Dungeon Overview and Level Annotations

Branches:
Dungeon (6/15)
 Temple: D:4-7

Altars:
Cheibriados
Elyvilon
Fedhas
Makhleb
Vehumet
Yredelemnul
Zin

Shops:
D:2 *?

Annotations:
D:3 Grinder
D:5 2 runed translucent doors, DungeonDestroyer's ghost, novice DsAK


Innate Abilities, Weirdness & Mutations

You have very sharp teeth.
Your uncanny sense of smell can sniff out nearby items.
Your experience applies equally to all skills.
You possess an exceptional clarity of mind.
Your flesh is heat resistant. (rF+)
You expend magic power (3 MP) to strengthen your wands.


Message History

The wyvern bites you! The wyvern closely misses you.
The wyvern barely misses you. The wyvern bites you.
There is a stone staircase leading up here.
The wyvern closely misses you.
You climb upwards.
Level annotation: 2 runed translucent doors, DungeonDestroyer's ghost, novice DsAK Reactivating autopickup.
There is a stone staircase leading down here.
You hit the wyvern.
The wyvern is lightly wounded.
The wyvern bites you. The wyvern closely misses you.
You hit the wyvern but do no damage.
The wyvern is lightly wounded.
The wyvern bites you!
* * * LOW HITPOINT WARNING * * *
You hit the wyvern but do no damage.
The wyvern is lightly wounded.
The wyvern bites you.
* * * LOW HITPOINT WARNING * * *
The wyvern bites you but does no damage.
You hit the wyvern.
The wyvern is moderately wounded.
The wyvern bites you.
* * * LOW HITPOINT WARNING * * *
You closely miss the wyvern. You bite the wyvern, but do no damage.
The wyvern is moderately wounded.
The wyvern bites you but does no damage.
The wyvern bites you.
* * * LOW HITPOINT WARNING * * *
You barely miss the wyvern.
The wyvern is moderately wounded.
The wyvern bites you but does no damage.
Press: ? - help, Shift-Dir - straight line, f - wyvern
Aim: a wyvern (moderately wounded, chance to affect: 83%)
You fail to use your ability.
The wyvern bites you but does no damage.
The wyvern bites you!
You die...

#..............# #≈[≈#
##.............# #BW≈#
....##........## #≈≈≈#
##............## #≈≈≈#
##.######.#.#..# #w≈≈#
...# #.#.##.#####+##
.########.#.##........#
.##.......#.###.##...##
.##.#######....l@#####
.##.# ###...## .##.#
###...### .##.#
###...### .##.###...###
..#.#...### #.#...###
#...### ....#


You could see a wyvern.

Vanquished Creatures
  Sigmund (D:2)
  A water moccasin (D:4)
  A necrophage (D:5)
  3 ogres
  2 centaurs
  2 phantoms (D:5)
  2 scorpions
  5 wights
  4 hounds
  2 bullfrog skeletons (D:5)
  2 gnoll shamans
  An iguana (D:5)
  Natasha (thrice) (D:2)
  2 orc wizards
  A howler monkey zombie (D:5)
  Robin (D:2)
  6 gnolls
  4 adders
  An adder skeleton (D:5)
  3 worms
  13 dart slugs
  10 orcs
  3 ball pythons
  2 bats
  9 endoplasms
  3 giant cockroaches
  13 goblins
  8 hobgoblins
  8 jackals
  4 quokkas
  2 frilled lizards (D:2)
  7 kobolds
  A rat (D:2)
130 creatures vanquished.

Vanquished Creatures (others)
  A bush (D:5)
  40 plants (D:4)
41 creatures vanquished.

Grand Total: 171 creatures vanquished

Notes
Turn   | Place    | Note
-------+----------+-------------------------------------------
     0 | Abyss:1  | Gargoyl the Gnoll Abyssal Knight began the quest for the
                  | Orb.
     0 | Abyss:1  | Reached XP level 1. HP: 23/23 MP: 3/3
     0 | D:1      | Escaped the Abyss
   175 | D:1      | Reached XP level 2. HP: 26/29 MP: 5/5
   487 | D:1      | Reached * piety under Lugonu
   735 | D:1      | Reached XP level 3. HP: 32/35 MP: 6/6
  1117 | D:2      | Noticed Natasha
  1131 | D:2      | Killed Natasha
  1132 | D:2      | Reached skill level 1 in Short Blades
  1132 | D:2      | Reached skill level 1 in Long Blades
  1132 | D:2      | Reached skill level 1 in Maces & Flails
  1132 | D:2      | Reached skill level 1 in Polearms
  1132 | D:2      | Reached skill level 1 in Staves
  1132 | D:2      | Reached skill level 1 in Slings
  1132 | D:2      | Reached skill level 1 in Bows
  1132 | D:2      | Reached skill level 1 in Crossbows
  1132 | D:2      | Reached skill level 1 in Throwing
  1132 | D:2      | Reached skill level 1 in Stealth
  1132 | D:2      | Reached skill level 1 in Shields
  1132 | D:2      | Reached skill level 1 in Unarmed Combat
  1132 | D:2      | Reached skill level 1 in Spellcasting
  1132 | D:2      | Reached skill level 1 in Evocations
  1249 | D:2      | Noticed Natasha
  1265 | D:2      | Killed Natasha
  1265 | D:2      | Identified the +0 helmet of the Endless Expanse {Rampage}
  1265 | D:2      | Noticed Robin
  1266 | D:2      | Reached XP level 4. HP: 20/41 MP: 7/7
  1380 | D:2      | Noticed Natasha
  1392 | D:2      | Killed Natasha
  1393 | D:2      | Reached skill level 1 in Conjurations
  1393 | D:2      | Reached skill level 1 in Hexes
  1393 | D:2      | Reached skill level 1 in Summonings
  1393 | D:2      | Reached skill level 1 in Necromancy
  1393 | D:2      | Reached skill level 1 in Translocations
  1393 | D:2      | Reached skill level 1 in Transmutations
  1393 | D:2      | Reached skill level 1 in Fire Magic
  1393 | D:2      | Reached skill level 1 in Ice Magic
  1393 | D:2      | Reached skill level 1 in Air Magic
  1393 | D:2      | Reached skill level 1 in Earth Magic
  1393 | D:2      | Reached skill level 1 in Poison Magic
  1400 | D:2      | Noticed Sigmund
  1405 | D:3      | Found a radiant altar of Vehumet.
  1647 | D:3      | Reached XP level 5. HP: 45/47 MP: 8/8
  1676 | D:2      | Found Ycohia's Magic Scroll Boutique.
  1830 | D:2      | Bought a scroll of teleportation for 30 gold pieces
  1874 | D:2      | Killed Robin
  2291 | D:2      | Found Lazoq's Assorted Antiques.
  2340 | D:2      | Killed Sigmund
  2341 | D:2      | Reached skill level 5 in Axes
  2341 | D:2      | Reached skill level 5 in Armour
  2341 | D:2      | Reached skill level 5 in Invocations
  2341 | D:2      | Reached XP level 6. HP: 45/53 MP: 9/9
  2859 | D:3      | Found a basalt altar of Yredelemnul.
  2991 | D:3      | Noticed Grinder
  2998 | D:3      | Paralysed by Grinder for 3 turns
  3001 | D:3      | Gained mutation: You possess an exceptional clarity of
                  | mind. [potion of mutation]
  3001 | D:3      | Gained mutation: You expend magic power (3 MP) to
                  | strengthen your wands. [potion of mutation]
  3001 | D:3      | Gained mutation: Your flesh is heat resistant. (rF+)
                  | [potion of mutation]
  3620 | D:3      | Reached skill level 7 in Fighting
  3620 | D:3      | Reached XP level 7. HP: 9/60 MP: 10/10
  3626 | D:4      | Reached ** piety under Lugonu
  4086 | D:4      | Found a white marble altar of Elyvilon.
  4217 | D:4      | Found a snail-covered altar of Cheibriados.
  4541 | D:5      | Entered Level 5 of the Dungeon
  4857 | D:4      | HP: 2/60 [centaur (2)]
  4864 | D:4      | Reached XP level 8. HP: 18/67 MP: 12/12
  6504 | D:5      | Found a burning altar of Makhleb.
  6737 | D:5      | Found a runed translucent door.
  6810 | D:5      | Found a glowing silver altar of Zin.
  7201 | D:5      | Reached XP level 9. HP: 10/72 MP: 10/14
  7492 | D:5      | Reached *** piety under Lugonu
  7512 | D:5      | Found a blossoming altar of Fedhas.
  7942 | D:5      | Found a runed translucent door.
  7943 | D:5      | Noticed DungeonDestroyer's ghost (novice DsAK)
  8123 | D:5      | Slain by a wyvern

Illustrated notes

Levels and vault maps discovered:
D:1:      evilmike_arrival_plus, layout_basic, serial_bayou_crossing
D:2:      layout_rooms, serial_shops, nicolae_shop_advertising_works
          [nicolae_subvault_shop_adworks], shop_scrolls,
          serial_co_window_serial, co_window_corner_a, co_window_corner_a,
          co_window_of_opportunity_a, co_window_of_opportunity_a,
          co_window_paths_a, co_window_paths_b, co_window_corner_a,
          co_window_of_opportunity_a, co_window_corner_a,
          co_window_of_opportunity_c, co_window_cross_4, co_window_2corner,
          glass_columns_a, glass_columns_a, glass_columns_b, uniq_sigmund,
          uniq_natasha, uniq_robin
D:3:      layout_basic, nicolae_overflow_crystal_walls, vehumet_altar_wand_db,
          chequers_serial_rivers_room_b, uniq_grinder
D:4:      layout_cave_pools, kennysheep_mini,
          mainiacjoe_overflow_surrounded_room, serial_bayou,
          serial_bayou_shore_a, serial_bayou_ford_a, serial_bayou_lake_a,
          serial_bayou_lagoon_a, serial_bayou_pond_d
D:5:      kennysheep_slugbush, layout_basic, general_overflow_altar,
          mainiacjoe_overflow_brackets, fedhas_bush_and_centaur_altar,
          ebering_ghost_sewer_f
D:6:      layout_gridville, nemelex_diamond_rough_becter,
          minmay_temple_entry_junction_2, serial_shops, kennysheep_little_box,
          minivault_14

Skill      XL: |  1  2  3  4  5  6  7  8 |
---------------+-------------------------+-----
Short Blades   | 1 2 3 |  3.9
Long Blades    | 1 2 3 |  3.9
Maces & Flails | 1 2 3 |  3.9
Polearms       | 1 2 3 |  3.9
Staves         | 1 2 3 |  3.9
Slings         | 1 2 3 |  3.9
Bows           | 1 2 3 |  3.9
Crossbows      | 1 2 3 |  3.9
Throwing       | 1 2 3 |  3.9
Stealth        | 1 2 3 |  3.9
Shields        | 1 2 3 |  3.9
Unarmed Combat | 1 2 3 |  3.9
Spellcasting   | 1 2 3 |  3.9
Evocations     | 1 2 3 |  3.9
Conjurations   | 1 2 3 |  3.2
Hexes          | 1 2 3 |  3.2
Summonings     | 1 2 3 |  3.2
Necromancy     | 1 2 3 |  3.2
Translocations | 1 2 3 |  3.2
Transmutations | 1 2 3 |  3.2
Fire Magic     | 1 2 3 |  3.2
Ice Magic      | 1 2 3 |  3.2
Air Magic      | 1 2 3 |  3.2
Earth Magic    | 1 2 3 |  3.2
Poison Magic   | 1 2 3 |  3.2
Dodging        | 3 4 |  4.8
Axes           | 5 6 |  6.1
Armour         | 5 6 |  6.1
Invocations    | 5 6 |  6.4
Fighting       | 7 |  7.7

Action                   |  1- 3 |  4- 6 |  7- 9 || total
-------------------------+-------+-------+-------++-------
Melee: Hand axe          |    77 |   156 |   341 ||   574
       Bite              |    13 |    18 |    46 ||    77
       Punch             |       |     3 |    19 ||    22
Invok: Depart the Abyss  |     1 |       |       ||     1
Evoke: Wand              |       |     1 |    14 ||    15
  Use: Scroll            |     1 |     3 |     3 ||     7
       Potion            |       |     5 |     4 ||     9
 Stab: Sleeping          |     1 |     1 |       ||     2
Armor: Leather armour    |     3 |       |       ||     3
       Ring mail         |    26 |    33 |       ||    59
       Chain mail        |       |    46 |       ||    46
       Plate armour      |       |     5 |   369 ||   374
Dodge: Dodged            |    28 |    90 |   134 ||   252

Table legend: (Time is in decaauts)
 A = Elapsed time spent in this place.
 B = Non-inter-level travel time spent in this place.
 C = Inter-level travel time spent in this place.
 D = Time resting spent in this place.
 E = Time spent auto-exploring this place.
 F = Levels seen in this place.
 G = Mean time per level.
                   A        B        C        D        E       F      G
               +--------+--------+--------+--------+--------+-----+--------+
         Total |   8196 |   8052 |    144 |   2933 |   3283 |   7 | 1170.9 |
       Dungeon |   8196 |   8052 |    144 |   2933 |   3283 |   6 | 1366.0 |
         Abyss |      0 |      0 |      0 |      0 |      0 |   1 |    0.0 |
               +--------+--------+--------+--------+--------+-----+--------+

Top non-repeatable levels by time:
     D:4: 2743 daAuts
     D:5: 2101 daAuts
     D:2: 1213 daAuts
     D:1: 1074 daAuts
     D:3: 992 daAuts
     D:6: 71 daAuts
